Map: Abyssal Reef LE

Players

LiquidSnute (Snute) - Winner!

  • Race: Zerg Zerg
  • Spawn Location: 5:00

BLY

  • Race: Zerg Zerg
  • Spawn Location: 11:00

Event: IEM XI Katowice - World Championship 2017

VOD

Have the link to the VOD?

Description

Time

  • Played on: Feb. 27, 2017, 7:49 a.m.
  • Length: 16:37

All games in this series

Show
View Real Time Build Order
Export as new Build Order

LiquidSnute Zerg - Winner!

Build Orders: Hatch First 

Get SALT Encoding   

  12  0:00  Drone  
  13  0:12  Overlord  
  13  0:16  Drone  
  14  0:30  Drone x2  
  14  0:34  Drone  
  17  0:52  Hatchery  
  17  0:55  Drone  
  17  0:58  Drone  
  17  1:00  Extractor  
  17  1:13  Spawning Pool  
  17  1:17  Drone  
  17  1:20  Drone  
  18  1:27  Drone  
  19  1:38  Overlord  
  19  1:49  Drone  
  20  2:00  Metabolic Boost, Queen, Drone  
  23  2:04  Queen  
  23  2:08  Zergling x2  
  26  2:11  Zergling x2  
  26  2:15  Zergling x2  
  28  2:22  Drone  
  29  2:25  Drone  
  30  2:33  Drone  
  30  2:35  Drone  
  32  2:44  Hatchery  
  32  2:49  Baneling Nest  
  29  2:53  Drone x2  
  29  2:57  Overlord  
  31  3:03  Zergling x2  
  32  3:08  Zergling x4  
  32  3:10  Drone  
  35  3:16  Drone  
  35  3:17  Drone x2  
  35  3:18  Drone x2  
  40  3:23  Overlord  
  40  3:26  Drone  
  41  3:31  Drone  
  41  3:32  Baneling x2  
  42  3:37  Drone  
  43  3:42  Drone x2  
  43  3:43  Drone  
  43  3:44  Zergling x4  
  43  3:45  Zergling x4  
  49  3:49  Overlord  
  49  3:51  Drone  
  50  3:57  Queen  
  50  3:58  Extractor  
  51  4:05  Drone x2  
  51  4:06  Roach Warren  
  51  4:09  Drone x2  
  54  4:10  Drone  
  54  4:12  Drone  
  56  4:20  Zergling x4  
  56  4:24  Lair, Drone  
  57  4:29  Drone  
  57  4:30  Drone  
  59  4:33  Drone x3  
  59  4:34  Drone  
  59  4:37  Evolution Chamber  
  62  4:40  Overlord  
  62  4:41  Drone  
  63  4:47  Drone  
  63  4:51  Extractor  
  63  4:52  Drone x4  
  66  4:57  Overlord  
  65  5:01  Overlord  
  65  5:02  Drone x2  
  65  5:04  Zerg Missile Weapons Level 1  
  65  5:05  Extractor  
  65  5:06  Drone x5  
  69  5:08  Drone  
  69  5:10  Extractor  
  69  5:14  Overlord  
  69  5:15  Overlord  
  69  5:20  Extractor  
  68  5:21  Drone x2  
  68  5:22  Glial Reconstitution, Drone  
  68  5:27  Drone x2  
  73  5:29  Drone  
  73  5:30  Drone  
  73  5:31  Infestation Pit  
  73  5:32  Drone  
  73  5:33  Drone  
  73  5:35  Drone  
  77  5:36  Drone  
  77  5:40  Drone x2  
  77  5:41  Queen  
  77  5:42  Queen x2  
  86  5:47  Overlord x2  
  86  5:50  Overlord  
  85  6:05  Unknown, Overlord  
  85  6:06  Roach x7  
  85  6:09  Infestor x2  
  103  6:12  Infestor  
  103  6:17  Infestor  
  106  6:25  Hatchery  
  106  6:32  Hydralisk Den  
  104  6:36  Roach  
  104  6:37  Roach x8  
  122  6:42  Burrow  
  122  6:59  Zerg Missile Weapons Level 2  
  122  7:00  Overlord x2  
  122  7:01  Muscular Augments  
  122  7:03  Spore Crawler  
  122  7:05  Spore Crawler, Unknown  
  122  7:07  Spore Crawler, Drone  
  118  7:08  Drone  
  118  7:09  Drone  
  118  7:10  Drone x5  
  118  7:11  Spore Crawler  
  124  7:16  Hydralisk, Overlord  
  124  7:17  Hydralisk x4  
  134  7:23  Hydralisk  
  134  7:24  Hydralisk x2  
  134  7:27  Roach  
  134  7:28  Overlord  
  134  7:29  Unknown  
  142  7:30  Roach  
  142  7:34  Roach x2  
  148  7:39  Roach x4  
  148  7:42  Roach  
  148  7:43  Roach  
  162  7:51  Roach x5  
  162  7:52  Roach  
  162  7:53  Overlord  
  172  7:58  Overseer x2  
  172  8:01  Roach x2  
  172  8:33  Overlord x5  
  172  8:34  Overlord  
  172  8:37  Extractor  
  172  8:39  Spine Crawler  
  172  8:41  Spine Crawler  
  169  8:42  Spine Crawler x3  
  169  8:43  Spine Crawler  
  169  8:46  Overlord x2  
  165  8:49  Unknown, Infestation Pit  
  165  8:52  Drone x10  
  165  8:53  Drone x2  
  176  8:58  Drone  
  177  9:03  Evolution Chamber  
  177  9:06  Roach x7  
  190  9:10  Extractor  
  189  9:18  Hive  
  190  9:29  Drone x2  
  189  9:33  Pneumatized Carapace  
  189  9:34  Drone x3  
  189  9:36  Queen x2  
  196  9:47  Unknown  
  196  9:49  Spine Crawler  
  195  9:53  Unknown  
  195  9:57  Lurker Den  
  195  10:02  Unknown  
  195  10:19  Spine Crawler  
  194  10:21  Spine Crawler  
  194  10:22  Spine Crawler  
  194  10:25  Ravager  
  194  10:26  Ravager x4  
  169  11:08  Roach  
  169  11:09  Roach x14  
  172  11:12  Hydralisk x4  
  172  11:13  Viper x3  
  172  11:18  Roach x6  
  167  11:19  Roach  
  167  11:23  Roach  
  173  11:29  Zerg Missile Weapons Level 3  
  173  11:32  Roach x6  
  185  11:33  Evolution Chamber  
  185  11:36  Hydralisk x6  
  196  11:41  Hatchery, Unknown x2  
  195  11:48  Roach x2  
  199  11:58  Zerg Ground Armor Level 1  
  199  12:01  Spore Crawler, Spine Crawler  
  198  12:02  Spine Crawler  
  198  12:03  Spire  
  198  12:06  Ravager x5  
  200  12:11  Unknown  
  200  12:12  Unknown  
  192  12:31  Roach x5  
  196  12:41  Roach  
  196  12:42  Roach x5  
  200  12:48  Spine Crawler x2  
  196  12:55  Unknown x3  
  189  13:02  Roach  
  189  13:03  Roach x8  
  193  13:12  Roach x7  
  173  13:13  Roach x16  
  173  13:19  Hydralisk  
  169  13:20  Hydralisk x3  
  169  13:23  Roach  
  169  13:25  Roach x4  
  177  13:32  Roach  
  177  13:33  Roach  
  179  13:36  Overseer  
  179  13:37  Hydralisk  
  179  13:38  Hydralisk  
  183  13:46  Hydralisk x3, Hatchery  
  183  13:47  Hydralisk  
  190  13:48  Infestor x2  
  190  13:49  Infestor  
  196  14:05  Roach  
  196  14:06  Roach  
  200  14:12  Unknown  
  200  14:14  Unknown  
  196  14:30  Roach x5  
  181  14:46  Roach  
  181  14:47  Roach x10  
  194  15:16  Roach x3  
  191  15:42  Hatchery  
  187  15:50  Corruptor  
  187  15:51  Corruptor x5  
  197  16:02  Corruptor  
  197  16:03  Corruptor  
Show
View Real Time Build Order
Export as new Build Order

BLY Zerg 

Build Orders: Hatch First 

Get SALT Encoding   

  12  0:01  Drone  
  13  0:11  Overlord  
  13  0:17  Drone  
  14  0:30  Drone x2  
  14  0:35  Drone  
  17  0:52  Hatchery  
  17  0:56  Drone  
  17  0:59  Drone  
  17  1:02  Extractor  
  17  1:15  Spawning Pool  
  17  1:17  Drone  
  17  1:21  Drone  
  18  1:28  Drone  
  19  1:40  Overlord  
  19  2:02  Zergling x4, Queen  
  19  2:04  Metabolic Boost  
  19  2:06  Queen  
  25  2:12  Zergling x2  
  26  2:15  Drone  
  26  2:16  Drone  
  28  2:29  Drone x2  
  30  2:36  Drone  
  31  2:41  Queen  
  33  2:49  Hatchery  
  32  2:54  Overlord  
  32  3:00  Overlord  
  32  3:08  Zergling x6  
  32  3:10  Zergling x2  
  36  3:20  Drone x2  
  36  3:21  Drone  
  36  3:22  Drone x2  
  41  3:29  Roach Warren  
  40  3:38  Overlord  
  40  3:43  Overlord  
  40  3:46  Drone x3  
  42  4:00  Drone x3  
  42  4:01  Drone x2  
  42  4:02  Drone  
  48  4:04  Extractor  
  47  4:14  Overlord  
  47  4:21  Evolution Chamber  
  39  4:25  Drone x2  
  39  4:26  Drone  
  39  4:27  Roach x3  
  39  4:28  Roach  
  50  4:31  Roach  
  50  4:34  Roach  
  54  4:42  Lair  
  54  4:44  Extractor  
  53  4:46  Drone x3  
  52  4:56  Drone x3  
  52  4:59  Zerg Missile Weapons Level 1  
  53  5:02  Drone x3  
  54  5:09  Drone x3  
  54  5:10  Drone  
  54  5:13  Drone  
  54  5:14  Drone  
  60  5:18  Extractor  
  59  5:22  Queen  
  59  5:24  Queen  
  63  5:29  Drone x3  
  63  5:34  Drone  
  63  5:35  Drone x3  
  70  5:39  Glial Reconstitution  
  70  5:48  Spire  
  70  5:49  Overseer  
  69  5:53  Roach x3  
  75  6:04  Drone x3  
  75  6:05  Extractor, Drone x3  
  75  6:06  Extractor, Drone  
  75  6:07  Drone  
  75  6:08  Overlord  
  81  6:15  Overlord  
  81  6:18  Overlord  
  81  6:23  Overlord  
  81  6:30  Overlord  
  81  6:36  Hatchery  
  81  6:38  Drone x3  
  81  6:39  Overlord, Drone  
  84  6:40  Drone x2  
  84  6:47  Overlord  
  86  6:59  Mutalisk x6  
  98  7:06  Mutalisk  
  98  7:07  Mutalisk x2  
  104  7:11  Overseer  
  104  7:13  Roach x3  
  110  7:17  Roach x4  
  118  7:28  Roach x2  
  118  7:29  Roach x4  
  130  7:31  Overseer  
  130  7:34  Drone  
  130  7:36  Zerg Missile Weapons Level 2  
  131  7:38  Zerg Flyer Weapons Level 1  
  131  7:43  Overlord  
  131  7:48  Drone x7  
  138  7:53  Overlord  
  138  7:56  Drone x4  
  138  7:58  Overlord  
  142  7:59  Overlord x2  
  142  8:15  Roach x4  
  150  8:25  Roach  
  150  8:26  Roach x5  
  160  8:32  Roach x9  
  172  8:37  Overlord, Extractor  
  172  8:38  Extractor  
  172  8:41  Ravager x4  
  172  8:42  Overlord x2, Ravager  
  172  8:43  Ravager  
  176  8:51  Overseer  
  176  8:53  Tunneling Claws  
  176  8:54  Burrow  
  176  8:59  Roach  
  176  9:00  Unknown, Roach x3  
  176  9:01  Overlord  
  184  9:06  Spore Crawler, Drone  
  184  9:07  Spine Crawler  
  184  9:09  Spine Crawler x2  
  181  9:10  Drone x3  
  181  9:11  Spine Crawler, Spore Crawler, Overlord  
  181  9:15  Overlord  
  182  9:18  Overlord  
  182  9:20  Unknown x2  
  182  9:34  Roach x9  
  182  9:37  Roach Warren  
  199  9:40  Ravager  
  200  9:47  Overlord  
  200  9:53  Unknown  
  200  10:02  Zerg Ground Armor Level 1  
  200  10:06  Spine Crawler  
  199  10:07  Spine Crawler  
  199  10:11  Ravager x2  
  200  10:15  Overseer  
  200  10:16  Overseer  
  200  10:17  Pneumatized Carapace  
  200  10:29  Overseer  
  200  10:30  Overseer  
  200  10:33  Ravager x2  
  200  10:34  Ravager x3  
  197  10:41  Roach x5  
  199  10:42  Roach  
  196  11:03  Roach  
  196  11:04  Roach x6  
  188  11:07  Roach  
  188  11:08  Roach x10  
  188  11:11  Unknown x2  
  184  11:14  Roach x6  
  160  11:21  Drone x3  
  163  11:34  Roach x9  
  163  11:35  Infestation Pit  
  178  11:45  Hatchery  
  178  11:46  Ravager x3  
  178  11:47  Ravager x6  
  184  11:52  Spine Crawler x2  
  184  11:53  Queen  
  186  11:54  Queen, Roach  
  186  11:55  Spore Crawler  
  186  11:56  Roach x19  
  199  12:01  Roach  
  199  12:12  Unknown  
  191  12:28  Unknown  
  187  12:35  Roach  
  187  12:36  Roach x2  
  186  12:37  Roach x3  
  175  12:44  Roach x12  
  175  12:45  Roach  
  175  12:50  Hive  
  197  12:56  Roach x2  
  174  13:12  Roach x3  
  140  13:13  Roach x6  
  140  13:14  Roach x2  
  100  13:21  Roach x6  
  100  13:25  Roach  
  100  13:30  Roach x3  
  98  13:47  Corruptor x4  
  98  13:48  Corruptor x2  
  108  13:49  Corruptor  
  108  13:54  Hydralisk Den  
  107  14:04  Greater Spire, Corruptor  
  107  14:05  Hatchery, Corruptor x2  
  107  14:09  Infestor x3  
  111  14:48  Roach x17  
  66  15:17  Brood Lord x6  
  66  15:18  Brood Lord x2  
  66  15:19  Roach x3  
  78  15:28  Roach  
  72  15:40  Roach  
  54  16:03  Drone x7  
  54  16:04  Drone x5  
  54  16:07  Roach  
  50  16:19  Extractor  

Tags
 
Add a new tag
Caveats
  • Supply blocks, unpowered buildings, or Contaminate may cause inaccurate times.
  • Supply counts are checked every 10 seconds.